 Seeded DCSS version 0.30-a0-924-g0ad0bf95bc (webtiles) character file.

Game seed: 3133731337 (custom seed)

69 Pimp the Poker (level 4, -22/35 HPs)
             Began as a Merfolk Gladiator on Mar 22, 2023.
             Engulfed by a cloud of flame (29 damage)
             ... on level 2 of the Dungeon.
             The game lasted 00:03:50 (1289 turns).

Pimp the Poker (Merfolk Gladiator)                  Turns: 1289, Time: 00:03:50

Health: -22/35     AC:  5    Str: 16    XL:     4   Next: 20%
Magic:  4/4        EV: 13    Int:  7    God:
Gold:   69         SH:  0    Dex: 15    Spells: 3/3 levels left

rFire   . . .      SeeInvis .    a - +0 trident
rCold   . . .      Faith    .    (no shield)
rNeg    . . .      Spirit   .    b - +0 leather armour
rPois   .          Reflect  .    c - +0 helmet
rElec   .          Rampage  .    m - +0 cloak
rCorr   .                        (no gloves)
Will    .....                    (no boots)
Stlth   +                        (no amulet)
HPRegen 0.25/turn                (no ring)
MPRegen 0.09/turn                (no ring)

@: no status effects
A: (nimble swimmer 2), mertail
a: no special abilities


You were on level 2 of the Dungeon.
You visited 1 branch of the dungeon, and saw 2 of its levels.

You collected 69 gold pieces.

Inventory:

Hand Weapons
 a - a +0 trident (weapon)
Missiles
 d - 3 throwing nets (quivered)
 e - a javelin
Armour
 b - a +0 leather armour (worn)
 c - a +0 helmet (worn)
 m - a +0 cloak (worn)
Scrolls
 h - a scroll of noise
 i - a scroll of blinking
 j - a scroll of fog
Potions
 k - a potion of curing {unknown}


   Skills:
 + Level 3.0 Fighting
 + Level 4.8 Polearms
 + Level 2.7 Throwing
 + Level 4.7 Dodging


You had 3 spell levels left.
You didn't know any spells.
Your spell library contained the following spells:

 Spells                   Type           Power      Damage    Failure   Level
 Magic Dart               Conj           0%         1d3       50%         1
 Searing Ray              Conj           0%         2d4       65%         2
 Sublimation of Blood     Necr           0%         N/A       65%         2
 Wereblood                Tmut           0%         N/A       65%         2
 Fulminant Prism          Conj/Hex       0%         3d5       99%         4
 Summon Hydra             Summ           0%         N/A       100%        7


Dungeon Overview and Level Annotations

Branches:
Dungeon (2/15)

Altars:


Innate Abilities, Weirdness & Mutations

((You are very nimble when in or above water. (Stealth+, EV+, Speed+++)))
Your lower body shifts to a powerful aquatic tail in water.


Message History

Robin roars a battlecry!
The goblins go into a battle-frenzy!
Robin drinks a potion.
Robin is healed!
The goblin closely misses you.
You hit Robin.
Robin is lightly wounded.
Robin hits you with a +0 whip. The goblin misses you.
You hit Robin.
Robin is lightly wounded.
The goblin misses you.
You puncture Robin!
Robin is heavily wounded.
Robin misses you. The goblin hits you but does no damage.
You puncture Robin!
You kill Robin!
The goblin hits you with a +0 club.
* * * LOW HITPOINT WARNING * * *
Your Fighting skill increases to level 3!
You have reached level 4!
You puncture the goblin!
You kill the goblin!
The goblin hits you with a +0 dagger.
* * * LOW HITPOINT WARNING * * *
Unknown command.
As you read the scroll labelled YGIOPRUKHU, it crumbles to dust.
The creatures around you are filled with an inner flame!
It was a scroll of immolation.
The goblin hits you with a +0 dagger.
* * * LOW HITPOINT WARNING * * *
Things that are here:
a +0 club; a +0 club; a goblin corpse You feel much better.
The goblin misses you. The goblin attacks as you move away!
The goblin misses you.
You puncture the goblin!
The goblin explodes!
The fiery explosion engulfs you!
* * * LOW HITPOINT WARNING * * *
The fiery explosion engulfs the goblin!!!
You kill the goblin!
You are engulfed in blazing flames.
Ouch! That really hurt!
You die...

..........##.##<#
∩..8..♣..∩##.##.# .##
..####..####.##.. ..# .##
##..###.##.## ..# ## ##
##...#.##.# ..# .. #####
###....#.######..#.## ....#
#..............§§....
###.###.#####...######..#.#
# #...# ........@§§)g)....#
#####.# ########..#####.###
......# #.....# # #####.#
###.#.# # #.# #>#.# # #.#
###.# # #.# #.# # #.# #.# #
#.# ...


You could see a goblin (inner flame, strong).

Vanquished Creatures
  Robin (D:2)
  An adder (D:2)
  A dart slug (D:1)
  A bat (D:1)
  9 goblins
  4 hobgoblins
  12 jackals
  2 kobolds
  2 quokkas (D:1)
  6 ball pythons
  A frilled lizard (D:1)
  3 rats (D:1)
43 creatures vanquished.

Notes
Turn   | Place    | Note
-------+----------+-------------------------------------------
     0 | D:1      | Pimp the Merfolk Gladiator began the quest for the Orb.
     0 | D:1      | Reached XP level 1. HP: 16/16 MP: 1/1
   404 | D:1      | Reached XP level 2. HP: 23/23 MP: 2/2
   433 | D:1      | HP: 1/23 [jackal (2)]
   786 | D:1      | Reached XP level 3. HP: 25/28 MP: 3/3
   966 | D:2      | Found a faded altar of an unknown god.
  1252 | D:2      | Noticed Robin
  1281 | D:2      | Killed Robin
  1282 | D:2      | Reached XP level 4. HP: 6/35 MP: 4/4
  1283 | D:2      | HP: 1/35 [goblin/+0 dagger[Robin] (5)]
  1289 | D:2      | Engulfed by a cloud of flame

Illustrated notes

Levels and vault maps discovered:
D:1:      saegor_arrival_under_anarchy, layout_basic, minivault_5,
          minmay_misc_feat_doors, chequers_serial_rivers_micro_c
D:2:      layout_basic, hellmonk_ecumenical_altar_arch_garden, uniq_robin

Skill      XL: |  1  2  3 |
---------------+----------+-----
Fighting       | 3 |  3.0
Polearms       | |  4.8
Throwing       | |  2.7
Dodging        | |  4.7

Action                     |  1- 3 |  4- 6 || total
---------------------------+-------+-------++-------
  Melee: Trident           |   149 |     2 ||   151
         Punch             |     1 |       ||     1
    Use: Scroll            |     4 |     1 ||     5
         Potion            |     1 |     1 ||     2
 Armour: Leather armour    |    72 |       ||    72
  Dodge: Dodged            |   172 |     2 ||   174

Table legend: (Time is in decaauts)
 A = Elapsed time spent in this place.
 B = Non-inter-level travel time spent in this place.
 C = Inter-level travel time spent in this place.
 D = Time resting spent in this place.
 E = Time spent auto-exploring this place.
 F = Levels seen in this place.
 G = Mean time per level.
                   A        B        C        D        E       F      G
               +--------+--------+--------+--------+--------+-----+--------+
         Total |   1309 |   1283 |     26 |     81 |    852 |   2 |  654.5 |
       Dungeon |   1309 |   1283 |     26 |     81 |    852 |   2 |  654.5 |
               +--------+--------+--------+--------+--------+-----+--------+

Top non-repeatable levels by time:
     D:1: 932 daAuts
     D:2: 377 daAuts
